 Dungeon Crawl Stone Soup version 0.29.1-12-g30fa7ad0bf (webtiles) character file.

Game seed: 4826940659896889605

3281 cheesebisquit the Grappler (level 9, 0/72 (76) HPs)
             Began as a Troll Gladiator on Jan 17, 2023.
             Was a Priest of Okawaru.
             Slain by a wight
             ... wielding a +0 trident
              (3 damage)
             ... on level 8 of the Dungeon.
             The game lasted 00:29:07 (5932 turns).

cheesebisquit the Grappler (Troll Gladiator)        Turns: 5932, Time: 00:29:07

HP:   0/72 (76)     AC:  4    Str: 28    XL:     9   Next: 69%
MP:   7/8           EV: 10    Int:  4    God:    Okawaru [***...]
Gold: 104           SH:  0    Dex: 11    Spells: 8/8 levels left

rFire   . . .      SeeInvis .     - Unarmed
rCold   . . .      Faith    .   (no shield)
rNeg    . . .      Spirit   .   a - +0 robe
rPois   .          Reflect  .   b - +0 hat
rElec   +          Harm     .   (no cloak)
rCorr   .          Rampage  .   (gloves unavailable)
Will    .....                   (boots unavailable)
Stlth   ++........              e - amulet of the acrobat
HPRegen 1.02/turn               d - ring of wizardry
MPRegen 0.11/turn               t - ring "Yczisytta" {rElec Slay+4 Stlth+}

@: drained
A: large, unfitting armour, claws 3, regeneration 1, shaggy fur 1, tough skin 1
a: Renounce Religion, Heroism


You were on level 8 of the Dungeon.
You worshipped Okawaru.
Okawaru was most pleased with you.
You visited 2 branches of the dungeon, and saw 9 of its levels.
You also visited: Sewer.

You collected 300 gold pieces.
You spent 196 gold pieces at shops.

Inventory:

Armour
 a - a +0 robe (worn)
 b - a +0 hat (worn)
Jewellery
 d - a ring of wizardry (left claw)
 e - an amulet of the acrobat (around neck)
 t - the ring "Yczisytta" (right claw) {rElec Slay+4 Stlth+}
   (You found it on level 4 of the Dungeon)

   [ring of slaying]

   Slay:      It affects your accuracy & damage with ranged weapons and melee
   (+4).
   rElec:     It insulates you from electricity.
   Stlth:     It makes you more stealthy.
 z - a ring of magical power
Wands
 y - a wand of iceblast (6)
 D - a wand of flame (11)
Scrolls
 c - 7 scrolls of teleportation
 f - 2 scrolls of vulnerability
 h - a scroll of amnesia
 n - 2 scrolls of immolation
 o - 3 scrolls of magic mapping
 u - 2 scrolls of enchant weapon
 w - a scroll of blinking
 x - a scroll of fear {unknown}
 A - a scroll of summoning {unknown}
Potions
 g - 2 potions of resistance
 i - 3 potions of flight
 j - a potion of might
 k - 4 potions of curing
 l - 2 potions of heal wounds
 p - 2 potions of invisibility
 q - 2 potions of mutation
 r - a potion of attraction
 s - a potion of magic
 B - a potion of cancellation
 C - a potion of haste {unknown}


   Skills:
 - Level 1.5 Fighting
 + Level 9.1 Throwing
 - Level 2.4 Dodging
 + Level 10.2 Unarmed Combat


You had 8 spell levels left.
You didn't know any spells.
Your spell library contained the following spells:

 Spells                   Type           Power      Damage    Failure   Level
 Necrotise                Necr           0%         1d4       22%         1
 Static Discharge         Conj/Air       0%         3-3/arc   32%         2
 Dazzling Flash           Conj/Hex       0%         N/A       52%         3
 Dispel Undead            Necr           0%         3d6       89%         4
 Agony                    Necr           0%         N/A       99%         5
 Freezing Cloud           Conj/Ice/Air   0%         6-21      99%         5
 Silence                  Hex/Air        0%         N/A       99%         5


Dungeon Overview and Level Annotations

Branches:
Dungeon (8/15)             Temple (1/1) D:4           Sewer (visited)
   Lair: D:8-11

Altars:
Ashenzari
Cheibriados
Dithmenos
Elyvilon
Fedhas
Gozag
Hepliaklqana
Kikubaaqudgha
Makhleb
Nemelex Xobeh
Okawaru
Qazlal
Ru
Sif Muna
Trog
Uskayaw
Vehumet
Wu Jian
Xom
Yredelemnul
Zin
The Shining One

Shops:
D:2 ?(*   D:8 (

Annotations:
D:7 2 transporters


Innate Abilities, Weirdness & Mutations

You are too large for most types of armour.
You have claws for hands.
Your natural rate of healing is unusually fast.
You are covered in fur. (AC +1)
You have tough skin. (AC +1)


Message History

You completely miss the ice beast. Your claw misses the ice beast.
The ice beast barely misses you.
The wight hits you from afar with a +0 trident.
You closely miss the ice beast. The ice beast hits you.
The ice beast freezes you! The wight barely misses you.
You closely miss the ice beast. You claw the ice beast!
The ice beast is heavily wounded.
The ice beast closely misses you. The wight barely misses you.
You closely miss the ice beast.
The ice beast is heavily wounded.
The ice beast hits you but does no damage.
The wight hits you from afar with a +0 trident!
You feel drained.
* * * LOW HITPOINT WARNING * * *
You completely miss the ice beast.
The ice beast is heavily wounded.
You mangle the ice beast!!
You kill the ice beast!
Okawaru accepts your kill. The wight barely misses you.
You closely miss the wight.
You feel like a meek peon again. The wight barely misses you.
You mangle the wight!!
You destroy the wight!
Okawaru accepts your kill. The wight completely misses you.
The wight closely misses you.
You closely miss the wight. You claw the wight!
The wight is severely damaged.
The wight misses you. The wight barely misses you.
You barely miss the wight.
The wight is severely damaged.
The wight hits you with a +0 great sword!
* * * LOW HITPOINT WARNING * * *
The wight hits you from afar with a +0 trident!
* * * LOW HITPOINT WARNING * * *
You feel drained.
You die...

.......
###.......
..#.......
#.#.......
#∩#.......
#.#.......
#z#.......
#@<)......
###z..$...
.......
.......
.......
....(..
.....(.
.......


You could see 2 wights.

Vanquished Creatures
  2 water moccasins
  An ice beast (D:8)
  3 black bears
  An orc warrior (D:6)
  3 ogres
  2 centaurs (D:7)
  3 phantoms
  Blork the orc (D:4)
  2 bullfrogs
  6 scorpions
  A necrophage (D:6)
  9 wights
  3 howler monkeys (D:7)
  A jelly (D:4)
  5 orc priests
  A gnoll bouda (D:5)
  3 hounds
  2 iguanas (D:5)
  10 orc wizards
  A hell rat (Sewer)
  4 gnolls (D:5)
  5 adders
  A river rat (D:6)
  3 shadow imps
  A worm (D:6)
  A dart slug (D:1)
  15 orcs
  6 ball pythons
  2 bats (D:3)
  3 endoplasms
  5 giant cockroaches
  2 goblins
  3 hobgoblins
  7 jackals
  3 kobolds
  2 quokkas
  A frilled lizard (D:1)
  7 rats
131 creatures vanquished.

Vanquished Creatures (others)
  A goblin (D:4)
1 creature vanquished.

Grand Total: 132 creatures vanquished

Notes
Turn   | Place    | Note
-------+----------+-------------------------------------------
     0 | D:1      | cheesebisquit the Troll Gladiator began the quest for the
                  | Orb.
     0 | D:1      | Reached XP level 1. HP: 19/19 MP: 0/0
   100 | D:1      | Found a faded altar of an unknown god.
   105 | D:1      | Reached XP level 2. HP: 27/27 MP: 1/1
   511 | D:2      | Found Fulao's Magic Scroll Boutique.
   678 | D:2      | Found Itsathrie's Antique Weapon Shop.
   687 | D:2      | Reached XP level 3. HP: 33/33 MP: 2/2
   933 | D:2      | Found Gebyshuc's Assorted Antiques.
  1238 | D:3      | Reached skill level 4 in Unarmed Combat
  1247 | D:3      | Reached XP level 4. HP: 30/41 MP: 3/3
  1392 | D:3      | Found a sacrificial altar of Ru.
  2050 | D:2      | Bought a scroll of identify for 24 gold pieces
  2052 | D:2      | Bought a scroll of teleportation for 36 gold pieces
  2052 | D:2      | Bought a scroll of noise for 12 gold pieces
  2052 | D:2      | Bought a scroll of teleportation for 36 gold pieces
  2078 | D:4      | Reached XP level 5. HP: 48/48 MP: 4/4
  2185 | D:4      | Identified the +1 sling "Mahuke" {vorpal, SInv}
  2223 | D:4      | Reached skill level 5 in Unarmed Combat
  2345 | D:2      | Bought a scroll of identify for 44 gold pieces
  2345 | D:2      | Bought a scroll of identify for 44 gold pieces
  2411 | D:4      | Identified the ring "Yczisytta" {rElec Slay+4 Stlth+}
  2552 | D:4      | Noticed Blork the orc
  2554 | D:4      | Killed Blork the orc
  2555 | D:4      | Reached XP level 6. HP: 55/55 MP: 5/5
  2574 | D:4      | Found a staircase to the Ecumenical Temple.
  2583 | Temple   | Entered the Ecumenical Temple
  2583 | Temple   | Found a transporter.
  2583 | Temple   | Found a transporter.
  2585 | Temple   | Found a transporter.
  2585 | Temple   | Found a transporter.
  2632 | Temple   | Became a worshipper of Warmaster Okawaru
  2931 | D:4      | Reached skill level 5 in Throwing
  3060 | D:5      | Entered Level 5 of the Dungeon
  3067 | D:5      | Reached skill level 6 in Unarmed Combat
  3067 | D:5      | Reached XP level 7. HP: 62/62 MP: 6/6
  3092 | D:5      | Found a glowing silver altar of Zin.
  3130 | D:5      | Reached * piety under Okawaru
  3333 | D:5      | Got the Almanac of the Necrotic Brume
  3523 | D:5      | Reached skill level 7 in Unarmed Combat
  3653 | D:5      | Reached XP level 8. HP: 60/70 MP: 7/7
  4485 | D:6      | Reached ** piety under Okawaru
  4554 | D:6      | Reached skill level 8 in Unarmed Combat
  4921 | D:6      | Found a glowing drain.
  5042 | Sewer    | Entered a sewer
  5097 | Sewer    | Identified the +2 mace of the Sage {vamp, Stlth+}
  5182 | D:6      | Reached XP level 9. HP: 72/76 MP: 8/8
  5205 | D:6      | Reached skill level 9 in Unarmed Combat
  5218 | D:6      | Found a radiant altar of Vehumet.
  5598 | D:7      | Reached *** piety under Okawaru
  5629 | D:7      | Found a transporter.
  5669 | D:7      | Reached skill level 10 in Unarmed Combat
  5693 | D:7      | Found a transporter.
  5904 | D:8      | Found Dutatof's Antique Weapon Shoppe.
  5932 | D:8      | HP: 3/74 [wight/+0 trident (8)]
  5932 | D:8      | Slain by a wight

Illustrated notes

Levels and vault maps discovered:
D:1:      minmay_arrival_up_and_down, layout_basic,
          ebering_ecumenical_altar_box, minmay_strange_pillars,
          interstate_on_off
D:2:      layout_loops_ring, serial_shops, nicolae_shop_behind_doors,
          nicolae_shop_stone, shop, minmay_misc_feat_secret_circle
D:3:      layout_basic, mainiacjoe_overflow_alcove_1
D:4:      layout_loops_cross, lemuel_temple_firewalk_b, uniq_blork_the_orc
D:5:      layout_layer_cave, nicolae_overflow_crystal_walls,
          hangedman_abyss_or_decor_stagger, minmay_checkerbox
D:6:      nicolae_cairo_tiling_very_big, layout_cave_pools,
          vehumet_altar_wand_db, gup_sewer_entry_bubbles
D:7:      gammafunk_steamed_eel, layout_loops_ring
D:8:      layout_rooms, serial_shops, shop, minmay_radiant, uniq_pikel
Temple:   hellmonk_temple_divided_pantheon

Skill      XL: |  1  2  3  4  5  6  7  8  9 |
---------------+----------------------------+-----
Throwing       | 2 3 4 5 6 7 9 |  9.1
Unarmed Combat | 4 5 6 7 8 10 | 10.2
Fighting       | |  1.5
Dodging        | |  2.4

Action                   |  1- 3 |  4- 6 |  7- 9 || total
-------------------------+-------+-------+-------++-------
Melee: Unarmed           |    51 |    69 |   151 ||   271
       Punch             |     2 |       |     8 ||    10
Throw: Throwing net      |     3 |       |       ||     3
       Large rock        |     4 |    23 |    27 ||    54
       Stone             |     8 |       |    36 ||    44
       Dart              |     6 |    12 |    32 ||    50
Invok: Heroism           |       |       |     9 ||     9
  Use: Scroll            |       |    11 |     7 ||    18
 Stab: Invisible         |       |     1 |     4 ||     5
Armor: Robe              |    19 |    35 |    28 ||    82
Dodge: Dodged            |    15 |    21 |    89 ||   125
